[ AOE2 MATCH · #499476004 ]
UnrankedGurjaras vs Magyars
[ REPLAY ANALYSIS · EXTRACTED FROM THE RECORDED GAME ]
Feudal
13:59
Castle
18:51
Imperial
34:25
| APM avg | 36.1 |
| APM peak | 94 |
| eAPM avg | 19.7 |
| Villagers / military | 241 / 852 |
Focus
⚔️ 37.9% · 🌾 62.1%
Scout Cavalry ×365 · Camel Scout ×307 · Shrivamsha Rider ×178 · Trade Cart ×16 · Trebuchet (Packed) ×2
Feudal
13:38
Castle
17:38
Imperial
41:59
| APM avg | 52.0 |
| APM peak | 82 |
| eAPM avg | 31.8 |
| Villagers / military | 173 / 622 |
Focus
⚔️ 27.9% · 🌾 72.1%
Scout Cavalry ×329 · Mangudai ×244 · Trade Cart ×38 · Camel Scout ×20 · Battering Ram ×15 · Trebuchet (Packed) ×14
Feudal
12:50
Castle
18:30
Imperial
44:14
| APM avg | 26.6 |
| APM peak | 84 |
| eAPM avg | 15.7 |
| Villagers / military | 170 / 579 |
Focus
⚔️ 35.3% · 🌾 64.7%
Magyar Huszar ×223 · Knight ×164 · Scout Cavalry ×99 · Cavalry Archer ×84 · Trebuchet (Packed) ×7 · Mangonel ×2
Feudal
13:00
Castle
24:28
Imperial
36:55
| APM avg | 54.1 |
| APM peak | 127 |
| eAPM avg | 22.1 |
| Villagers / military | 220 / 382 |
Focus
⚔️ 54.6% · 🌾 45.4%
Kipchak ×375 · Trebuchet (Packed) ×5 · Battering Ram ×2
Feudal
13:55
Castle
18:21
Imperial
61:55
| APM avg | 49.0 |
| APM peak | 115 |
| eAPM avg | 26.5 |
| Villagers / military | 211 / 283 |
Focus
⚔️ 39.3% · 🌾 60.7%
Conquistador ×116 · Spearman ×90 · Skirmisher ×46 · Trade Cart ×28 · Battering Ram ×21 · Trebuchet (Packed) ×6
Feudal
14:30
Castle
22:17
Imperial
34:18
| APM avg | 20.5 |
| APM peak | 66 |
| eAPM avg | 14.2 |
| Villagers / military | 283 / 442 |
Focus
⚔️ 37.7% · 🌾 62.3%
Archer ×294 · Berserk ×97 · Skirmisher ×40 · Trebuchet (Packed) ×5 · Monk ×2 · Mangonel ×2
Feudal
13:52
Castle
27:26
Imperial
46:36
| APM avg | 41.8 |
| APM peak | 98 |
| eAPM avg | 14.7 |
| Villagers / military | 163 / 233 |
Focus
⚔️ 27.3% · 🌾 72.7%
Cavalry Archer ×127 · Scout Cavalry ×56 · Trade Cart ×28 · Archer ×23 · Tarkan ×12 · Battering Ram ×9
Feudal
12:36
Castle
29:02
Imperial
54:14
| APM avg | 38.0 |
| APM peak | 83 |
| eAPM avg | 22.2 |
| Villagers / military | 283 / 248 |
Focus
⚔️ 43.0% · 🌾 57.0%
Spearman ×151 · Scout Cavalry ×67 · Knight ×18 · Mangonel ×12
Match map
Initial resources + every placement click. Lines = walls · curves = elevation contours. ◆ gold · ⬟ stone · ● berries · ✦ relic · ◌ wall gap
Your base· ✓ Closed at 18:51 · 32t walls · no gate
Feifred's base· Open — unwalled flank
Murtcu's base· Open — 3t gap
imenek's base· Open — unwalled flank
ZEAN430's base· Open — unwalled flank
NahuXeneize's base· Open — unwalled flank
Melioth's base· Open — unwalled flank
Kaanan's base· Open — unwalled flank
Smoothed initial terrain · ◌ = detected wall gap · hover for details
Inputs per minute
— UOMOdelFORMAGGIO - - Feifred
Build order — UOMOdelFORMAGGIO
First 150 of 847 actions detected
| 0:22 | Build | Town Center |
| 1:18 | Build | House |
| 2:35 | Queue | Villager (Male) |
| 2:35 | Queue | Villager (Male) |
| 2:35 | Queue | Villager (Male) |
| 2:36 | Queue | Villager (Male) |
| 4:16 | Queue | Villager (Male) |
| 5:01 | Queue | Villager (Male) |
| 5:01 | Queue | Villager (Male) |
| 5:08 | Build | House |
| 5:58 | Build | Mill |
| 5:59 | Queue | Villager (Male) |
| 6:00 | Queue | Villager (Male) |
| 6:23 | Queue | Villager (Male) |
| 6:23 | Queue | Villager (Male) |
| 6:28 | Build | House |
| 6:53 | Queue | Villager (Male) |
| 6:54 | Queue | Villager (Male) |
| 7:23 | Build | House |
| 7:35 | Build | House |
| 7:44 | Queue | Villager (Male) |
| 7:55 | Build | House |
| 8:08 | Queue | Villager (Male) |
| 8:23 | Queue | Villager (Male) |
| 8:54 | Build | House |
| 9:14 | Queue | Villager (Male) |
| 9:14 | Queue | Villager (Male) |
| 9:14 | Queue | Villager (Male) |
| 9:28 | Build | House |
| 9:39 | Research | Loom |
| 10:01 | Build | House |
| 10:15 | Queue | Villager (Male) |
| 10:17 | Queue | Villager (Male) |
| 10:17 | Queue | Villager (Male) |
| 10:50 | Build | Palisade Wall |
| 11:20 | Queue | Villager (Male) |
| 11:30 | Build | Lumber Camp |
| 11:49 | Research | Feudal Age |
| 12:43 | Build | Mining Camp |
| 12:59 | Build | House |
| 13:02 | Build | House |
| 13:10 | Queue | Villager (Male) |
| 13:11 | Build | House |
| 13:35 | Build | Palisade Wall |
| 13:39 | Build | House |
| 13:42 | Queue | Villager (Male) |
| 13:59 | Age | Feudal Age |
| 14:03 | Build | House |
| 14:23 | Build | Blacksmith |
| 14:48 | Build | Palisade Wall |
| 14:49 | Build | Palisade Wall |
| 14:53 | Queue | Villager (Male) |
| 15:13 | Queue | Villager (Male) |
| 15:22 | Build | Market |
| 15:45 | Build | Palisade Wall |
| 15:51 | Build | Palisade Wall |
| 16:11 | Research | Castle Age |
| 16:22 | Research | Double-Bit Axe |
| 17:38 | Research | Horse Collar |
| 17:41 | Build | Farm |
| 17:42 | Build | Farm |
| 17:45 | Build | Farm |
| 17:47 | Build | Farm |
| 17:51 | Build | Farm |
| 17:59 | Queue | Villager (Male) |
| 18:51 | Age | Castle Age |
| 18:55 | Build | Town Center |
| 19:08 | Build | Town Center |
| 19:12 | Queue | Villager (Male) |
| 19:19 | Build | Farm |
| 19:23 | Queue | Villager (Male) |
| 19:27 | Build | Farm |
| 19:30 | Build | Farm |
| 19:33 | Build | Farm |
| 20:05 | Queue | Villager (Male) |
| 20:06 | Queue | Villager (Male) |
| 20:14 | Queue | Villager (Male) |
| 20:21 | Queue | Villager (Male) |
| 20:27 | Build | Farm |
| 20:28 | Queue | Villager (Male) |
| 20:32 | Queue | Villager (Male) |
| 20:35 | Queue | Villager (Male) |
| 20:49 | Research | Bow Saw |
| 21:02 | Queue | Villager (Male) |
| 21:10 | Queue | Villager (Male) |
| 21:13 | Build | Farm |
| 21:14 | Build | Farm |
| 21:26 | Queue | Villager (Male) |
| 21:31 | Build | Farm |
| 21:31 | Build | Farm |
| 21:35 | Build | Farm |
| 21:40 | Queue | Villager (Male) |
| 21:45 | Build | Farm |
| 21:46 | Queue | Villager (Male) |
| 21:46 | Queue | Villager (Male) |
| 21:46 | Queue | Villager (Male) |
| 21:47 | Queue | Villager (Male) |
| 21:53 | Build | Farm |
| 22:07 | Build | Farm |
| 22:08 | Queue | Villager (Male) |
| 22:16 | Build | Farm |
| 22:19 | Build | Farm |
| 22:20 | Queue | Villager (Male) |
| 22:27 | Queue | Villager (Male) |
| 22:30 | Build | Farm |
| 22:34 | Build | Farm |
| 22:35 | Queue | Villager (Male) |
| 22:48 | Queue | Villager (Male) |
| 22:55 | Queue | Villager (Male) |
| 22:56 | Queue | Villager (Male) |
| 23:05 | Queue | Villager (Male) |
| 23:11 | Queue | Villager (Male) |
| 23:27 | Build | Town Center |
| 23:29 | Queue | Villager (Male) |
| 23:29 | Queue | Villager (Male) |
| 23:33 | Queue | Villager (Male) |
| 23:40 | Build | Farm |
| 23:43 | Build | Farm |
| 23:45 | Build | Farm |
| 23:54 | Build | Farm |
| 23:56 | Build | House |
| 23:57 | Build | House |
| 23:59 | Build | House |
| 24:02 | Queue | Villager (Male) |
| 24:02 | Queue | Villager (Male) |
| 24:02 | Queue | Villager (Male) |
| 24:07 | Queue | Villager (Male) |
| 24:11 | Build | Farm |
| 24:16 | Build | Farm |
| 24:30 | Research | Wheelbarrow |
| 24:31 | Queue | Villager (Male) |
| 24:36 | Build | Farm |
| 24:38 | Queue | Villager (Male) |
| 24:40 | Build | Farm |
| 24:48 | Queue | Villager (Male) |
| 24:49 | Build | Farm |
| 25:07 | Queue | Villager (Male) |
| 25:13 | Research | Heavy Plow |
| 25:27 | Queue | Villager (Male) |
| 25:27 | Queue | Villager (Male) |
| 25:28 | Queue | Villager (Male) |
| 25:28 | Queue | Villager (Male) |
| 25:33 | Build | Mill |
| 25:34 | Build | Farm |
| 25:35 | Build | Farm |
| 25:35 | Build | Farm |
| 25:36 | Build | Farm |
| 25:36 | Build | Farm |
| 25:38 | Queue | Villager (Male) |
| 25:39 | Queue | Villager (Male) |
Build order — Feifred
First 150 of 757 actions detected
| 0:28 | Build | Town Center |
| 2:07 | Build | House |
| 2:32 | Queue | Villager (Male) |
| 2:33 | Queue | Villager (Male) |
| 2:33 | Queue | Villager (Male) |
| 2:33 | Queue | Villager (Male) |
| 2:53 | Build | House |
| 3:22 | Build | House |
| 4:19 | Queue | Villager (Male) |
| 4:44 | Build | Mill |
| 4:51 | Queue | Villager (Male) |
| 5:16 | Build | House |
| 5:38 | Queue | Villager (Male) |
| 5:38 | Queue | Villager (Male) |
| 6:04 | Queue | Villager (Male) |
| 6:47 | Queue | Villager (Male) |
| 6:50 | Queue | Villager (Male) |
| 7:03 | Queue | Villager (Male) |
| 8:07 | Queue | Villager (Male) |
| 8:08 | Queue | Villager (Male) |
| 8:09 | Queue | Villager (Male) |
| 8:24 | Queue | Villager (Male) |
| 8:35 | Queue | Villager (Male) |
| 8:35 | Queue | Villager (Male) |
| 8:39 | Queue | Villager (Male) |
| 8:42 | Queue | Villager (Male) |
| 8:47 | Queue | Villager (Male) |
| 8:50 | Queue | Villager (Male) |
| 9:04 | Build | House |
| 9:11 | Queue | Villager (Male) |
| 9:11 | Queue | Villager (Male) |
| 9:19 | Queue | Villager (Male) |
| 9:26 | Build | House |
| 9:41 | Build | House |
| 9:58 | Queue | Villager (Male) |
| 10:14 | Queue | Villager (Male) |
| 10:21 | Build | Mining Camp |
| 10:44 | Queue | Villager (Male) |
| 11:18 | Research | Feudal Age |
| 11:48 | Build | Mill |
| 12:11 | Build | Lumber Camp |
| 12:51 | Queue | Villager (Male) |
| 12:55 | Build | House |
| 13:38 | Age | Feudal Age |
| 13:53 | Queue | Villager (Male) |
| 14:02 | Build | Market |
| 14:25 | Build | Blacksmith |
| 14:28 | Queue | Villager (Male) |
| 14:48 | Build | House |
| 14:58 | Research | Castle Age |
| 15:15 | Research | Double-Bit Axe |
| 15:23 | Build | Farm |
| 16:12 | Build | Farm |
| 16:15 | Build | Farm |
| 16:28 | Build | House |
| 16:49 | Build | Farm |
| 16:49 | Build | Farm |
| 16:51 | Queue | Villager (Male) |
| 17:17 | Build | Mining Camp |
| 17:38 | Age | Castle Age |
| 17:44 | Research | Bow Saw |
| 18:14 | Build | Castle |
| 18:18 | Queue | Villager (Male) |
| 18:41 | Queue | Villager (Male) |
| 19:02 | Queue | Villager (Male) |
| 19:10 | Build | Town Center |
| 19:32 | Queue | Mangudai |
| 19:34 | Research | Fletching |
| 19:38 | Queue | Villager (Male) |
| 19:52 | Queue | Mangudai |
| 20:06 | Queue | Villager (Male) |
| 20:24 | Queue | Villager (Male) |
| 20:25 | Queue | Mangudai |
| 20:38 | Build | Farm |
| 20:39 | Build | Farm |
| 20:40 | Build | Farm |
| 20:45 | Queue | Villager (Male) |
| 20:53 | Queue | Mangudai |
| 20:58 | Queue | Mangudai |
| 21:02 | Queue | Villager (Male) |
| 21:12 | Queue | Villager (Male) |
| 21:20 | Queue | Mangudai |
| 21:42 | Queue | Villager (Male) |
| 22:06 | Research | Bodkin Arrow |
| 22:17 | Queue | Villager (Male) |
| 22:29 | Build | University |
| 22:37 | Build | Farm |
| 22:42 | Queue | Mangudai |
| 22:46 | Queue | Villager (Male) |
| 22:51 | Queue | Mangudai |
| 23:04 | Queue | Mangudai |
| 23:11 | Queue | Villager (Male) |
| 23:44 | Build | Farm |
| 23:45 | Research | Ballistics |
| 23:52 | Queue | Mangudai |
| 23:56 | Queue | Villager (Male) |
| 23:59 | Queue | Villager (Male) |
| 23:59 | Queue | Villager (Male) |
| 24:09 | Research | Padded Archer Armor |
| 24:26 | Queue | Villager (Male) |
| 24:35 | Build | Town Center |
| 24:51 | Queue | Mangudai |
| 24:56 | Queue | Mangudai |
| 25:03 | Queue | Villager (Male) |
| 25:04 | Queue | Villager (Male) |
| 25:12 | Build | Farm |
| 25:30 | Queue | Villager (Male) |
| 25:34 | Queue | Villager (Male) |
| 25:36 | Build | Farm |
| 25:52 | Build | Farm |
| 25:57 | Queue | Villager (Male) |
| 26:00 | Queue | Mangudai |
| 26:15 | Build | Farm |
| 26:20 | Queue | Mangudai |
| 26:31 | Build | Farm |
| 26:35 | Queue | Villager (Male) |
| 26:56 | Queue | Mangudai |
| 27:00 | Queue | Villager (Male) |
| 27:01 | Build | Farm |
| 27:04 | Queue | Villager (Male) |
| 27:05 | Queue | Villager (Male) |
| 27:08 | Queue | Mangudai |
| 27:19 | Queue | Villager (Male) |
| 27:25 | Build | Farm |
| 27:25 | Build | Farm |
| 27:25 | Build | Farm |
| 27:25 | Build | Farm |
| 27:27 | Queue | Villager (Male) |
| 27:31 | Queue | Mangudai |
| 27:33 | Queue | Mangudai |
| 27:43 | Queue | Mangudai |
| 27:58 | Queue | Villager (Male) |
| 28:06 | Queue | Mangudai |
| 28:14 | Build | Barracks |
| 28:15 | Build | House |
| 28:16 | Build | House |
| 28:16 | Build | House |
| 28:17 | Build | House |
| 28:19 | Research | Loom |
| 28:20 | Queue | Villager (Male) |
| 28:20 | Queue | Villager (Male) |
| 28:21 | Queue | Villager (Male) |
| 28:26 | Queue | Mangudai |
| 28:36 | Queue | Mangudai |
| 28:39 | Queue | Villager (Male) |
| 29:05 | Queue | Mangudai |
| 29:07 | Queue | Villager (Male) |
| 29:08 | Queue | Villager (Male) |
| 29:10 | Queue | Villager (Male) |
| 29:32 | Queue | Villager (Male) |
Build order — Murtcu
First 150 of 583 actions detected
| 0:32 | Build | House |
| 0:39 | Build | Town Center |
| 0:56 | Build | Town Center |
| 3:10 | Queue | Villager (Male) |
| 3:10 | Queue | Villager (Male) |
| 3:10 | Queue | Villager (Male) |
| 3:10 | Queue | Villager (Male) |
| 3:18 | Research | Loom |
| 3:36 | Queue | Villager (Male) |
| 3:37 | Queue | Villager (Male) |
| 3:48 | Queue | Villager (Male) |
| 4:39 | Queue | Villager (Male) |
| 4:49 | Build | House |
| 5:24 | Queue | Villager (Male) |
| 5:24 | Queue | Villager (Male) |
| 6:19 | Queue | Villager (Male) |
| 6:19 | Queue | Villager (Male) |
| 6:38 | Research | Loom |
| 6:40 | Queue | Villager (Male) |
| 6:40 | Queue | Villager (Male) |
| 6:50 | Queue | Villager (Male) |
| 7:52 | Queue | Villager (Male) |
| 7:52 | Queue | Villager (Male) |
| 8:08 | Build | House |
| 8:13 | Build | Lumber Camp |
| 8:45 | Queue | Villager (Male) |
| 9:30 | Build | Mill |
| 9:50 | Queue | Villager (Male) |
| 9:50 | Queue | Villager (Male) |
| 10:25 | Research | Feudal Age |
| 10:39 | Build | House |
| 10:42 | Build | Palisade Wall |
| 11:45 | Build | Mining Camp |
| 12:08 | Queue | Villager (Male) |
| 12:08 | Queue | Villager (Male) |
| 12:50 | Age | Feudal Age |
| 12:57 | Build | Market |
| 13:09 | Build | Blacksmith |
| 13:14 | Queue | Villager (Male) |
| 13:45 | Queue | Villager (Male) |
| 14:08 | Queue | Villager (Male) |
| 14:40 | Queue | Villager (Male) |
| 15:37 | Queue | Villager (Male) |
| 15:50 | Research | Castle Age |
| 15:57 | Build | Barracks |
| 16:01 | Build | House |
| 16:14 | Research | Double-Bit Axe |
| 16:21 | Research | Horse Collar |
| 16:43 | Build | Farm |
| 16:56 | Build | Farm |
| 17:03 | Build | Palisade Wall |
| 17:24 | Queue | Villager (Male) |
| 17:24 | Queue | Villager (Male) |
| 17:29 | Build | Farm |
| 17:29 | Build | Farm |
| 17:29 | Build | Farm |
| 17:29 | Build | Farm |
| 17:30 | Build | Farm |
| 17:49 | Build | Palisade Wall |
| 17:58 | Build | House |
| 18:11 | Build | Palisade Wall |
| 18:20 | Queue | Villager (Male) |
| 18:22 | Build | Farm |
| 18:30 | Build | Farm |
| 18:30 | Age | Castle Age |
| 18:35 | Build | Stable |
| 18:48 | Build | Farm |
| 18:51 | Build | Farm |
| 19:03 | Queue | Villager (Male) |
| 19:08 | Build | House |
| 19:23 | Queue | Scout Cavalry |
| 19:23 | Queue | Scout Cavalry |
| 19:37 | Queue | Knight |
| 19:37 | Queue | Knight |
| 19:42 | Build | Farm |
| 19:44 | Build | Farm |
| 19:48 | Queue | Villager (Male) |
| 19:53 | Queue | Villager (Male) |
| 20:05 | Build | Mining Camp |
| 20:18 | Queue | Villager (Male) |
| 20:34 | Build | Farm |
| 20:46 | Queue | Knight |
| 21:26 | Queue | Villager (Male) |
| 21:26 | Queue | Villager (Male) |
| 22:01 | Research | Scale Barding Armor |
| 22:05 | Queue | Knight |
| 22:16 | Build | Watch Tower |
| 22:40 | Queue | Villager (Male) |
| 22:40 | Queue | Villager (Male) |
| 22:53 | Queue | Villager (Male) |
| 22:54 | Queue | Villager (Male) |
| 23:31 | Build | Town Center |
| 23:35 | Build | House |
| 23:36 | Build | House |
| 23:41 | Queue | Villager (Male) |
| 23:56 | Queue | Villager (Male) |
| 24:20 | Queue | Villager (Male) |
| 24:33 | Research | Fletching |
| 24:53 | Queue | Villager (Male) |
| 25:04 | Build | Farm |
| 25:04 | Build | Farm |
| 25:04 | Build | Farm |
| 25:04 | Build | Farm |
| 25:09 | Queue | Villager (Male) |
| 25:34 | Build | Farm |
| 25:40 | Build | Farm |
| 26:32 | Queue | Villager (Male) |
| 26:44 | Queue | Knight |
| 26:44 | Queue | Knight |
| 26:54 | Queue | Villager (Male) |
| 26:54 | Queue | Villager (Male) |
| 26:55 | Queue | Villager (Male) |
| 27:05 | Research | Bodkin Arrow |
| 27:14 | Queue | Scout Cavalry |
| 27:34 | Build | Town Center |
| 27:51 | Build | Siege Workshop |
| 28:09 | Queue | Villager (Male) |
| 28:10 | Queue | Villager (Male) |
| 28:10 | Queue | Villager (Male) |
| 28:24 | Build | House |
| 28:26 | Build | House |
| 28:33 | Queue | Villager (Male) |
| 28:34 | Queue | Villager (Male) |
| 28:45 | Queue | Mangonel |
| 29:07 | Queue | Villager (Male) |
| 29:12 | Queue | Villager (Male) |
| 29:34 | Queue | Villager (Male) |
| 29:40 | Build | Mill |
| 29:41 | Build | Farm |
| 29:41 | Build | Farm |
| 29:41 | Build | Farm |
| 31:07 | Queue | Villager (Male) |
| 31:07 | Queue | Villager (Male) |
| 31:16 | Build | Mining Camp |
| 31:20 | Queue | Mangonel |
| 31:38 | Build | House |
| 31:41 | Queue | Villager (Male) |
| 31:55 | Build | House |
| 32:27 | Build | Mining Camp |
| 32:33 | Build | Farm |
| 32:33 | Build | Farm |
| 32:33 | Build | Farm |
| 32:40 | Build | Stable |
| 32:41 | Build | Stable |
| 32:48 | Build | Blacksmith |
| 32:55 | Queue | Villager (Male) |
| 33:01 | Build | House |
| 33:57 | Queue | Villager (Male) |
| 33:58 | Queue | Villager (Male) |
| 33:58 | Queue | Villager (Male) |
Build order — imenek
First 150 of 832 actions detected
| 0:20 | Build | Town Center |
| 0:28 | Build | House |
| 0:32 | Build | Lumber Camp |
| 2:53 | Queue | Villager (Male) |
| 2:53 | Queue | Villager (Male) |
| 2:53 | Queue | Villager (Male) |
| 3:10 | Queue | Villager (Male) |
| 4:33 | Queue | Villager (Male) |
| 4:33 | Queue | Villager (Male) |
| 4:55 | Build | House |
| 5:02 | Queue | Villager (Male) |
| 5:02 | Queue | Villager (Male) |
| 5:18 | Queue | Villager (Male) |
| 5:45 | Queue | Villager (Male) |
| 5:50 | Build | Palisade Wall |
| 6:06 | Queue | Villager (Male) |
| 6:45 | Queue | Villager (Male) |
| 6:59 | Build | House |
| 7:01 | Build | Palisade Wall |
| 7:05 | Queue | Villager (Male) |
| 7:17 | Queue | Villager (Male) |
| 7:55 | Build | Mill |
| 8:02 | Queue | Villager (Male) |
| 8:17 | Queue | Villager (Male) |
| 8:38 | Queue | Villager (Male) |
| 8:50 | Research | Loom |
| 8:53 | Build | Palisade Wall |
| 8:56 | Queue | Villager (Male) |
| 9:02 | Build | House |
| 9:09 | Queue | Villager (Male) |
| 9:16 | Build | Palisade Wall |
| 9:21 | Build | Palisade Wall |
| 9:30 | Build | Palisade Wall |
| 9:33 | Build | Palisade Wall |
| 10:07 | Queue | Villager (Male) |
| 10:27 | Build | Mining Camp |
| 10:50 | Research | Feudal Age |
| 11:58 | Build | House |
| 12:51 | Queue | Villager (Male) |
| 13:00 | Age | Feudal Age |
| 13:34 | Build | Town Center |
| 13:34 | Queue | Villager (Male) |
| 13:37 | Build | Farm |
| 13:39 | Research | Horse Collar |
| 13:44 | Research | Double-Bit Axe |
| 13:44 | Research | Double-Bit Axe |
| 13:51 | Queue | Villager (Male) |
| 14:05 | Queue | Villager (Male) |
| 14:07 | Build | House |
| 14:26 | Build | House |
| 14:29 | Build | House |
| 14:31 | Build | House |
| 14:34 | Queue | Villager (Male) |
| 14:56 | Build | Mill |
| 14:59 | Queue | Villager (Male) |
| 15:17 | Queue | Villager (Male) |
| 15:27 | Queue | Villager (Male) |
| 15:40 | Queue | Villager (Male) |
| 15:46 | Queue | Villager (Male) |
| 16:09 | Build | House |
| 16:12 | Build | Mill |
| 16:16 | Queue | Villager (Male) |
| 16:18 | Queue | Villager (Male) |
| 16:33 | Queue | Villager (Male) |
| 16:44 | Build | House |
| 16:45 | Build | Palisade Wall |
| 16:46 | Build | Palisade Wall |
| 16:52 | Queue | Villager (Male) |
| 17:12 | Queue | Villager (Male) |
| 17:21 | Queue | Villager (Male) |
| 17:25 | Build | Mill |
| 17:32 | Queue | Villager (Male) |
| 17:38 | Queue | Villager (Male) |
| 17:51 | Queue | Villager (Male) |
| 17:56 | Research | Wheelbarrow |
| 17:58 | Build | Farm |
| 18:00 | Build | Farm |
| 18:02 | Build | Farm |
| 18:08 | Build | Farm |
| 18:10 | Build | Farm |
| 18:12 | Build | Farm |
| 18:17 | Build | Farm |
| 18:19 | Build | Farm |
| 18:20 | Queue | Villager (Male) |
| 18:22 | Queue | Villager (Male) |
| 18:54 | Build | Farm |
| 18:56 | Build | Farm |
| 19:08 | Queue | Villager (Male) |
| 19:20 | Build | Blacksmith |
| 19:37 | Queue | Villager (Male) |
| 19:43 | Queue | Villager (Male) |
| 19:45 | Build | Farm |
| 19:46 | Build | Farm |
| 19:46 | Build | Farm |
| 19:49 | Build | Farm |
| 19:53 | Queue | Villager (Male) |
| 20:01 | Queue | Villager (Male) |
| 20:04 | Build | Farm |
| 20:04 | Build | Farm |
| 20:04 | Build | Farm |
| 20:04 | Build | Farm |
| 20:09 | Build | Farm |
| 20:18 | Queue | Villager (Male) |
| 20:27 | Build | House |
| 20:35 | Queue | Villager (Male) |
| 20:56 | Queue | Villager (Male) |
| 21:13 | Build | Market |
| 21:17 | Build | House |
| 21:21 | Build | Farm |
| 21:23 | Queue | Villager (Male) |
| 21:28 | Build | House |
| 21:34 | Queue | Villager (Male) |
| 21:46 | Research | Castle Age |
| 21:47 | Research | Castle Age |
| 21:48 | Queue | Villager (Male) |
| 22:02 | Queue | Villager (Male) |
| 22:22 | Build | Barracks |
| 22:59 | Research | Stone Mining |
| 23:00 | Queue | Villager (Male) |
| 23:04 | Build | Mining Camp |
| 23:10 | Build | House |
| 23:19 | Build | House |
| 23:24 | Build | Stable |
| 23:27 | Research | Padded Archer Armor |
| 23:28 | Queue | Villager (Male) |
| 23:29 | Queue | Villager (Male) |
| 23:38 | Queue | Villager (Male) |
| 23:51 | Build | House |
| 23:52 | Build | House |
| 24:01 | Queue | Villager (Male) |
| 24:05 | Research | Town Watch |
| 24:06 | Queue | Villager (Male) |
| 24:12 | Build | Lumber Camp |
| 24:25 | Build | House |
| 24:28 | Age | Castle Age |
| 24:35 | Research | Fletching |
| 24:36 | Research | Leather Archer Armor |
| 24:50 | Queue | Villager (Male) |
| 25:17 | Build | Castle |
| 25:22 | Research | Bodkin Arrow |
| 25:23 | Queue | Villager (Male) |
| 25:24 | Queue | Villager (Male) |
| 25:30 | Build | Town Center |
| 25:33 | Research | Bow Saw |
| 25:33 | Research | Bow Saw |
| 25:34 | Research | Heavy Plow |
| 25:34 | Research | Heavy Plow |
| 25:35 | Queue | Villager (Male) |
| 25:37 | Queue | Villager (Male) |
| 25:46 | Build | University |
Build order — ZEAN430
First 150 of 837 actions detected
| 0:47 | Build | Town Center |
| 2:21 | Build | House |
| 3:01 | Queue | Villager (Male) |
| 3:01 | Queue | Villager (Male) |
| 3:02 | Queue | Villager (Male) |
| 3:02 | Queue | Villager (Male) |
| 3:02 | Queue | Villager (Male) |
| 3:25 | Build | Mill |
| 3:45 | Build | House |
| 4:00 | Build | House |
| 4:23 | Build | House |
| 4:44 | Research | Loom |
| 5:09 | Queue | Villager (Male) |
| 5:09 | Queue | Villager (Male) |
| 5:15 | Build | House |
| 5:42 | Queue | Villager (Male) |
| 5:42 | Queue | Villager (Male) |
| 5:43 | Queue | Villager (Male) |
| 6:00 | Build | House |
| 6:12 | Queue | Villager (Male) |
| 6:12 | Queue | Villager (Male) |
| 6:12 | Queue | Villager (Male) |
| 6:24 | Queue | Villager (Male) |
| 6:24 | Queue | Villager (Male) |
| 6:55 | Build | House |
| 7:15 | Queue | Villager (Male) |
| 7:15 | Queue | Villager (Male) |
| 7:39 | Build | Mining Camp |
| 7:40 | Queue | Villager (Male) |
| 7:41 | Queue | Villager (Male) |
| 7:54 | Queue | Villager (Male) |
| 7:55 | Queue | Villager (Male) |
| 8:40 | Queue | Villager (Male) |
| 8:40 | Queue | Villager (Male) |
| 8:41 | Queue | Villager (Male) |
| 8:42 | Queue | Villager (Male) |
| 8:51 | Build | Mill |
| 8:54 | Queue | Villager (Male) |
| 8:54 | Queue | Villager (Male) |
| 8:54 | Queue | Villager (Male) |
| 10:04 | Build | Lumber Camp |
| 10:09 | Build | House |
| 10:48 | Queue | Villager (Male) |
| 11:05 | Queue | Villager (Male) |
| 11:33 | Build | House |
| 11:45 | Research | Feudal Age |
| 11:46 | Research | Feudal Age |
| 11:53 | Build | House |
| 12:55 | Build | House |
| 13:25 | Build | Farm |
| 13:27 | Build | Farm |
| 13:32 | Queue | Villager (Male) |
| 13:55 | Age | Feudal Age |
| 14:01 | Build | Blacksmith |
| 14:04 | Build | Market |
| 14:10 | Queue | Villager (Male) |
| 14:40 | Queue | Villager (Male) |
| 15:06 | Build | Mill |
| 15:10 | Queue | Villager (Male) |
| 15:41 | Research | Castle Age |
| 15:41 | Research | Castle Age |
| 15:47 | Build | Mining Camp |
| 16:58 | Research | Stone Mining |
| 17:07 | Research | Double-Bit Axe |
| 17:07 | Research | Double-Bit Axe |
| 17:40 | Build | House |
| 18:21 | Age | Castle Age |
| 18:26 | Build | Town Center |
| 18:29 | Queue | Villager (Male) |
| 18:29 | Queue | Villager (Male) |
| 18:29 | Queue | Villager (Male) |
| 19:08 | Queue | Villager (Male) |
| 19:08 | Queue | Villager (Male) |
| 19:24 | Queue | Villager (Male) |
| 19:25 | Queue | Villager (Male) |
| 19:25 | Queue | Villager (Male) |
| 19:35 | Queue | Villager (Male) |
| 19:44 | Build | Castle |
| 20:00 | Build | Farm |
| 20:01 | Build | Farm |
| 20:10 | Build | Farm |
| 20:21 | Research | Horse Collar |
| 20:57 | Queue | Conquistador |
| 20:57 | Queue | Conquistador |
| 20:57 | Queue | Conquistador |
| 21:07 | Build | Palisade Wall |
| 21:30 | Queue | Villager (Male) |
| 21:47 | Build | Farm |
| 21:48 | Build | Farm |
| 22:06 | Build | Barracks |
| 22:12 | Build | Lumber Camp |
| 22:16 | Queue | Villager (Male) |
| 22:35 | Queue | Conquistador |
| 22:35 | Queue | Conquistador |
| 22:35 | Queue | Conquistador |
| 23:05 | Queue | Conquistador |
| 23:05 | Queue | Conquistador |
| 23:10 | Build | Monastery |
| 23:29 | Build | Siege Workshop |
| 23:35 | Queue | Villager (Male) |
| 23:55 | Queue | Villager (Male) |
| 23:55 | Queue | Villager (Male) |
| 23:59 | Build | Farm |
| 24:03 | Build | Farm |
| 24:04 | Build | Farm |
| 24:07 | Build | Farm |
| 24:27 | Queue | Battering Ram |
| 24:27 | Queue | Battering Ram |
| 24:27 | Queue | Battering Ram |
| 24:27 | Queue | Battering Ram |
| 24:45 | Queue | Villager (Male) |
| 24:46 | Queue | Villager (Male) |
| 24:47 | Build | Farm |
| 24:52 | Build | Farm |
| 25:13 | Queue | Conquistador |
| 25:13 | Queue | Conquistador |
| 25:13 | Queue | Conquistador |
| 25:41 | Queue | Monk |
| 25:42 | Queue | Conquistador |
| 25:43 | Queue | Conquistador |
| 25:45 | Queue | Villager (Male) |
| 25:48 | Build | Farm |
| 25:49 | Build | Farm |
| 25:51 | Queue | Villager (Male) |
| 26:24 | Queue | Conquistador |
| 26:24 | Queue | Conquistador |
| 26:56 | Research | Padded Archer Armor |
| 26:56 | Research | Padded Archer Armor |
| 26:57 | Queue | Villager (Male) |
| 26:59 | Queue | Villager (Male) |
| 27:09 | Build | Town Center |
| 27:10 | Queue | Villager (Male) |
| 27:44 | Research | Leather Archer Armor |
| 27:44 | Research | Leather Archer Armor |
| 28:09 | Queue | Conquistador |
| 28:09 | Queue | Conquistador |
| 28:09 | Queue | Conquistador |
| 28:10 | Queue | Villager (Male) |
| 28:15 | Build | Farm |
| 28:25 | Queue | Battering Ram |
| 28:25 | Queue | Battering Ram |
| 28:27 | Queue | Villager (Male) |
| 28:33 | Build | Farm |
| 28:58 | Queue | Scorpion |
| 29:03 | Queue | Conquistador |
| 29:04 | Queue | Conquistador |
| 29:04 | Queue | Conquistador |
| 29:09 | Queue | Villager (Male) |
| 29:30 | Queue | Conquistador |
| 29:30 | Queue | Conquistador |
Build order — NahuXeneize
First 150 of 559 actions detected
| 0:18 | Build | Town Center |
| 1:06 | Build | Lumber Camp |
| 2:00 | Build | House |
| 2:25 | Queue | Villager (Male) |
| 2:26 | Queue | Villager (Male) |
| 3:12 | Queue | Villager (Male) |
| 3:14 | Queue | Villager (Male) |
| 4:00 | Queue | Villager (Male) |
| 4:01 | Queue | Villager (Male) |
| 4:29 | Queue | Villager (Male) |
| 4:29 | Queue | Villager (Male) |
| 4:48 | Build | House |
| 4:50 | Queue | Villager (Male) |
| 5:24 | Queue | Villager (Male) |
| 5:25 | Queue | Villager (Male) |
| 6:07 | Research | Loom |
| 6:10 | Build | Palisade Wall |
| 6:29 | Queue | Villager (Male) |
| 6:45 | Build | House |
| 6:50 | Build | Palisade Wall |
| 6:57 | Build | Palisade Wall |
| 7:09 | Queue | Villager (Male) |
| 7:10 | Queue | Villager (Male) |
| 7:46 | Queue | Villager (Male) |
| 7:53 | Build | Mill |
| 8:00 | Queue | Villager (Male) |
| 8:27 | Build | Palisade Gate |
| 8:51 | Queue | Villager (Male) |
| 8:51 | Queue | Villager (Male) |
| 8:51 | Queue | Villager (Male) |
| 9:31 | Build | Lumber Camp |
| 10:06 | Build | House |
| 10:09 | Queue | Villager (Male) |
| 10:18 | Queue | Villager (Male) |
| 10:18 | Queue | Villager (Male) |
| 11:00 | Build | Mill |
| 11:31 | Build | Mining Camp |
| 11:48 | Queue | Villager (Male) |
| 11:53 | Build | Palisade Wall |
| 12:20 | Research | Feudal Age |
| 12:47 | Build | House |
| 13:27 | Build | Palisade Wall |
| 14:03 | Queue | Villager (Male) |
| 14:03 | Queue | Villager (Male) |
| 14:21 | Queue | Villager (Male) |
| 14:30 | Age | Feudal Age |
| 14:31 | Research | Double-Bit Axe |
| 14:42 | Build | Barracks |
| 15:17 | Queue | Villager (Male) |
| 15:25 | Build | Blacksmith |
| 15:37 | Build | Archery Range |
| 16:03 | Queue | Villager (Male) |
| 16:15 | Build | House |
| 16:20 | Build | Palisade Wall |
| 16:21 | Build | Palisade Wall |
| 16:23 | Build | Palisade Wall |
| 16:24 | Build | Palisade Wall |
| 16:24 | Build | Palisade Wall |
| 16:25 | Build | Palisade Wall |
| 16:31 | Build | Palisade Wall |
| 16:32 | Queue | Villager (Male) |
| 16:36 | Build | House |
| 16:41 | Build | Palisade Wall |
| 16:42 | Build | Palisade Wall |
| 16:51 | Build | Archery Range |
| 16:53 | Research | Horse Collar |
| 16:55 | Queue | Villager (Male) |
| 17:09 | Build | Farm |
| 17:10 | Build | Farm |
| 17:15 | Build | House |
| 17:16 | Build | House |
| 17:26 | Queue | Villager (Male) |
| 17:27 | Queue | Archer |
| 17:36 | Build | Market |
| 17:43 | Queue | Villager (Male) |
| 17:52 | Build | Farm |
| 17:54 | Queue | Villager (Male) |
| 17:58 | Queue | Archer |
| 17:59 | Queue | Archer |
| 18:08 | Build | Farm |
| 18:14 | Build | Farm |
| 18:17 | Build | Farm |
| 18:24 | Build | Farm |
| 18:31 | Build | Palisade Wall |
| 18:34 | Build | Palisade Gate |
| 18:42 | Queue | Villager (Male) |
| 18:46 | Queue | Archer |
| 18:46 | Queue | Archer |
| 18:54 | Build | Farm |
| 19:03 | Build | Farm |
| 19:07 | Queue | Villager (Male) |
| 19:37 | Research | Castle Age |
| 20:10 | Build | Farm |
| 20:11 | Build | Farm |
| 20:15 | Build | Farm |
| 20:21 | Research | Gold Mining |
| 20:24 | Queue | Archer |
| 20:24 | Queue | Archer |
| 20:33 | Build | Farm |
| 20:55 | Build | House |
| 21:00 | Build | House |
| 21:01 | Queue | Archer |
| 21:01 | Queue | Archer |
| 21:10 | Research | Fletching |
| 21:30 | Queue | Villager (Male) |
| 21:37 | Build | House |
| 21:59 | Queue | Archer |
| 21:59 | Queue | Archer |
| 22:11 | Queue | Villager (Male) |
| 22:17 | Age | Castle Age |
| 22:26 | Build | Town Center |
| 22:27 | Research | Bow Saw |
| 22:31 | Research | Crossbowman (upgrade) |
| 22:39 | Queue | Villager (Male) |
| 22:46 | Build | Town Center |
| 22:56 | Queue | Villager (Male) |
| 23:10 | Queue | Archer |
| 23:10 | Queue | Archer |
| 23:47 | Queue | Villager (Male) |
| 23:49 | Queue | Archer |
| 23:50 | Queue | Archer |
| 23:51 | Queue | Villager (Male) |
| 23:53 | Research | Bodkin Arrow |
| 24:12 | Research | Padded Archer Armor |
| 24:13 | Queue | Villager (Male) |
| 24:13 | Queue | Villager (Male) |
| 24:28 | Queue | Villager (Male) |
| 24:54 | Queue | Archer |
| 24:54 | Queue | Archer |
| 24:55 | Queue | Archer |
| 24:58 | Queue | Villager (Male) |
| 24:59 | Queue | Villager (Male) |
| 25:00 | Build | Farm |
| 25:02 | Build | Farm |
| 25:06 | Queue | Villager (Male) |
| 25:06 | Queue | Villager (Male) |
| 25:08 | Build | Farm |
| 25:34 | Queue | Villager (Male) |
| 25:34 | Queue | Villager (Male) |
| 25:36 | Queue | Archer |
| 25:37 | Queue | Archer |
| 25:48 | Queue | Villager (Male) |
| 25:49 | Queue | Villager (Male) |
| 25:52 | Build | Lumber Camp |
| 25:54 | Build | Farm |
| 26:02 | Build | Farm |
| 26:03 | Build | Farm |
| 26:04 | Research | Town Watch |
| 26:06 | Queue | Archer |
| 26:06 | Queue | Archer |
Build order — Melioth
First 150 of 432 actions detected
| 0:23 | Build | Town Center |
| 2:30 | Queue | Villager (Male) |
| 2:30 | Queue | Villager (Male) |
| 2:57 | Queue | Villager (Male) |
| 3:04 | Build | Mill |
| 3:07 | Queue | Villager (Male) |
| 3:54 | Research | Loom |
| 4:38 | Queue | Villager (Male) |
| 4:52 | Queue | Villager (Male) |
| 5:27 | Queue | Villager (Male) |
| 5:27 | Queue | Villager (Male) |
| 5:27 | Queue | Villager (Male) |
| 6:21 | Queue | Villager (Male) |
| 6:52 | Queue | Villager (Male) |
| 6:52 | Queue | Villager (Male) |
| 6:52 | Queue | Villager (Male) |
| 7:11 | Queue | Villager (Male) |
| 8:16 | Queue | Villager (Male) |
| 8:17 | Queue | Villager (Male) |
| 8:47 | Queue | Villager (Male) |
| 9:24 | Queue | Villager (Male) |
| 9:47 | Build | Mill |
| 10:00 | Queue | Villager (Male) |
| 10:00 | Queue | Villager (Male) |
| 10:35 | Queue | Villager (Male) |
| 10:44 | Build | Mining Camp |
| 11:17 | Queue | Villager (Male) |
| 11:30 | Research | Feudal Age |
| 12:20 | Build | Barracks |
| 13:25 | Build | Palisade Gate |
| 13:48 | Queue | Villager (Male) |
| 13:52 | Age | Feudal Age |
| 13:59 | Build | Archery Range |
| 14:00 | Build | Archery Range |
| 14:04 | Queue | Villager (Male) |
| 14:24 | Queue | Villager (Male) |
| 15:07 | Queue | Spearman |
| 15:07 | Queue | Spearman |
| 15:26 | Queue | Villager (Male) |
| 15:26 | Queue | Villager (Male) |
| 15:35 | Build | Blacksmith |
| 15:48 | Queue | Villager (Male) |
| 15:49 | Queue | Archer |
| 15:50 | Queue | Archer |
| 16:22 | Queue | Archer |
| 16:22 | Queue | Archer |
| 16:24 | Queue | Archer |
| 16:31 | Queue | Villager (Male) |
| 16:37 | Build | Lumber Camp |
| 16:40 | Research | Fletching |
| 16:43 | Queue | Archer |
| 16:49 | Queue | Spearman |
| 17:03 | Queue | Archer |
| 17:05 | Queue | Archer |
| 17:22 | Queue | Villager (Male) |
| 17:22 | Queue | Villager (Male) |
| 17:51 | Research | Horse Collar |
| 18:06 | Queue | Archer |
| 18:06 | Queue | Archer |
| 18:08 | Queue | Archer |
| 18:12 | Build | Farm |
| 18:13 | Build | Farm |
| 18:13 | Build | Farm |
| 18:13 | Build | Farm |
| 18:25 | Queue | Villager (Male) |
| 18:31 | Queue | Villager (Male) |
| 18:36 | Queue | Archer ×3 |
| 19:02 | Queue | Archer ×2 |
| 19:03 | Queue | Villager (Male) |
| 19:10 | Build | Farm |
| 19:19 | Queue | Archer ×2 |
| 20:16 | Queue | Archer |
| 20:32 | Research | Padded Archer Armor |
| 20:37 | Queue | Archer ×3 |
| 20:55 | Queue | Villager (Male) |
| 20:56 | Queue | Villager (Male) |
| 21:00 | Queue | Archer |
| 21:11 | Queue | Villager (Male) |
| 21:17 | Build | Farm |
| 21:18 | Build | Farm |
| 21:18 | Build | Farm |
| 21:18 | Build | Farm |
| 21:19 | Build | Farm |
| 21:27 | Build | Palisade Wall |
| 21:46 | Build | Farm |
| 21:46 | Build | Farm |
| 21:46 | Build | Farm |
| 21:47 | Build | Farm |
| 22:04 | Build | Palisade Gate |
| 22:05 | Queue | Villager (Male) |
| 23:02 | Queue | Villager (Male) |
| 23:02 | Queue | Villager (Male) |
| 23:34 | Queue | Villager (Male) |
| 23:43 | Build | Farm |
| 23:44 | Build | Farm |
| 24:46 | Research | Castle Age |
| 25:26 | Build | Palisade Gate |
| 25:31 | Build | Palisade Wall |
| 25:43 | Build | Stable |
| 25:50 | Build | Palisade Gate |
| 26:00 | Research | Double-Bit Axe |
| 26:04 | Research | Gold Mining |
| 26:42 | Build | Palisade Gate |
| 26:58 | Build | Palisade Gate |
| 27:26 | Research | Bloodlines |
| 27:26 | Age | Castle Age |
| 27:57 | Queue | Cavalry Archer ×5 |
| 28:08 | Queue | Villager (Male) |
| 28:08 | Queue | Villager (Male) |
| 28:15 | Research | Bodkin Arrow |
| 28:18 | Research | Husbandry |
| 28:26 | Queue | Villager (Male) |
| 28:42 | Build | Barracks |
| 28:51 | Build | Palisade Wall |
| 29:22 | Queue | Cavalry Archer ×5 |
| 29:44 | Queue | Cavalry Archer |
| 30:01 | Queue | Villager (Male) |
| 30:01 | Queue | Villager (Male) |
| 30:08 | Research | Thumb Ring |
| 30:21 | Build | Palisade Wall |
| 30:33 | Build | Siege Workshop |
| 30:42 | Build | Palisade Wall |
| 30:49 | Build | Lumber Camp |
| 31:01 | Queue | Cavalry Archer ×2 |
| 31:03 | Queue | Villager (Male) |
| 31:20 | Queue | Battering Ram |
| 31:21 | Queue | Battering Ram |
| 31:35 | Queue | Villager (Male) |
| 31:41 | Build | University |
| 31:56 | Queue | Battering Ram |
| 31:57 | Queue | Villager (Male) |
| 32:01 | Research | Bow Saw |
| 32:16 | Queue | Cavalry Archer ×2 |
| 32:38 | Build | Farm |
| 32:48 | Queue | Villager (Male) |
| 32:48 | Queue | Villager (Male) |
| 32:48 | Queue | Villager (Male) |
| 33:21 | Research | Ballistics |
| 33:22 | Research | Ballistics |
| 33:35 | Queue | Cavalry Archer ×3 |
| 34:01 | Queue | Cavalry Archer ×2 |
| 34:35 | Queue | Battering Ram |
| 36:00 | Queue | Battering Ram |
| 36:26 | Build | Town Center |
| 36:48 | Queue | Battering Ram |
| 36:58 | Queue | Villager (Male) |
| 36:58 | Queue | Villager (Male) |
| 36:59 | Research | Wheelbarrow |
| 37:05 | Queue | Cavalry Archer ×2 |
| 37:15 | Build | Lumber Camp |
Build order — Kaanan
First 150 of 790 actions detected
| 0:35 | Build | Town Center |
| 0:44 | Build | House |
| 1:34 | Build | House |
| 2:42 | Queue | Villager (Male) |
| 2:42 | Queue | Villager (Male) |
| 2:42 | Queue | Villager (Male) |
| 2:43 | Queue | Villager (Male) |
| 2:43 | Queue | Villager (Male) |
| 4:14 | Queue | Villager (Male) |
| 4:15 | Queue | Villager (Male) |
| 4:50 | Queue | Villager (Male) |
| 4:51 | Queue | Villager (Male) |
| 5:17 | Queue | Villager (Male) |
| 5:17 | Queue | Villager (Male) |
| 5:17 | Queue | Villager (Male) |
| 5:36 | Queue | Villager (Male) |
| 5:36 | Queue | Villager (Male) |
| 5:37 | Queue | Villager (Male) |
| 6:01 | Queue | Villager (Male) |
| 6:01 | Queue | Villager (Male) |
| 6:01 | Queue | Villager (Male) |
| 6:02 | Queue | Villager (Male) |
| 6:17 | Build | Lumber Camp |
| 6:21 | Build | House |
| 6:28 | Queue | Villager (Male) |
| 6:28 | Queue | Villager (Male) |
| 6:28 | Queue | Villager (Male) |
| 6:53 | Queue | Villager (Male) |
| 6:54 | Queue | Villager (Male) |
| 6:54 | Queue | Villager (Male) |
| 6:54 | Queue | Villager (Male) |
| 7:15 | Queue | Villager (Male) |
| 7:15 | Queue | Villager (Male) |
| 7:39 | Build | Mill |
| 7:56 | Queue | Villager (Male) |
| 7:56 | Queue | Villager (Male) |
| 7:56 | Queue | Villager (Male) |
| 7:56 | Queue | Villager (Male) |
| 7:57 | Queue | Villager (Male) |
| 8:06 | Queue | Villager (Male) |
| 8:31 | Research | Loom |
| 9:06 | Queue | Villager (Male) |
| 9:07 | Research | Loom |
| 10:26 | Research | Feudal Age |
| 10:26 | Research | Feudal Age |
| 10:26 | Research | Feudal Age |
| 11:07 | Build | Barracks |
| 11:46 | Queue | Villager (Male) |
| 12:00 | Build | House |
| 12:19 | Build | Farm |
| 12:25 | Build | Farm |
| 12:36 | Age | Feudal Age |
| 12:39 | Build | Stable |
| 12:53 | Research | Double-Bit Axe |
| 12:53 | Research | Double-Bit Axe |
| 12:53 | Research | Double-Bit Axe |
| 12:54 | Queue | Villager (Male) |
| 13:11 | Queue | Villager (Male) |
| 13:23 | Build | Palisade Wall |
| 13:24 | Build | House |
| 13:25 | Queue | Scout Cavalry |
| 13:25 | Queue | Scout Cavalry |
| 13:27 | Queue | Villager (Male) |
| 13:33 | Build | Farm |
| 13:37 | Build | Farm |
| 13:38 | Queue | Villager (Male) |
| 13:40 | Queue | Scout Cavalry |
| 14:08 | Research | Horse Collar |
| 14:08 | Research | Horse Collar |
| 14:08 | Research | Horse Collar |
| 14:10 | Queue | Villager (Male) |
| 14:12 | Build | Farm |
| 14:19 | Queue | Scout Cavalry |
| 14:21 | Queue | Villager (Male) |
| 14:35 | Build | Palisade Wall |
| 14:51 | Queue | Villager (Male) |
| 15:12 | Queue | Villager (Male) |
| 15:15 | Build | Farm |
| 15:29 | Build | Palisade Wall |
| 15:54 | Queue | Villager (Male) |
| 16:04 | Queue | Villager (Male) |
| 16:30 | Queue | Villager (Male) |
| 16:35 | Build | Farm |
| 16:37 | Build | Farm |
| 16:38 | Build | Farm |
| 16:39 | Build | Farm |
| 16:49 | Build | Palisade Wall |
| 16:53 | Queue | Villager (Male) |
| 16:58 | Build | Farm |
| 17:00 | Build | Farm |
| 17:01 | Build | Farm |
| 17:03 | Build | Farm |
| 17:09 | Build | Mill |
| 17:11 | Build | Farm |
| 17:12 | Build | Farm |
| 17:14 | Build | Farm |
| 17:16 | Build | Farm |
| 17:17 | Queue | Villager (Male) |
| 17:29 | Queue | Villager (Male) |
| 17:33 | Build | House |
| 17:40 | Build | House |
| 18:02 | Queue | Villager (Male) |
| 18:10 | Queue | Scout Cavalry |
| 18:14 | Queue | Villager (Male) |
| 18:15 | Build | House |
| 18:17 | Build | House |
| 18:26 | Build | Palisade Wall |
| 18:34 | Build | Palisade Wall |
| 18:34 | Build | Palisade Wall |
| 18:37 | Queue | Villager (Male) |
| 18:39 | Build | House |
| 18:40 | Build | House |
| 18:44 | Queue | Scout Cavalry |
| 18:45 | Queue | Villager (Male) |
| 18:48 | Build | Farm |
| 18:48 | Build | Farm |
| 18:51 | Queue | Villager (Male) |
| 19:10 | Queue | Scout Cavalry |
| 19:19 | Queue | Villager (Male) |
| 19:26 | Build | Mining Camp |
| 19:31 | Build | Palisade Gate |
| 19:33 | Queue | Scout Cavalry |
| 19:39 | Queue | Villager (Male) |
| 19:41 | Build | House |
| 19:43 | Build | House |
| 19:58 | Queue | Scout Cavalry |
| 20:15 | Build | House |
| 20:16 | Queue | Scout Cavalry |
| 20:29 | Build | Market |
| 20:31 | Queue | Scout Cavalry |
| 20:32 | Queue | Villager (Male) |
| 20:36 | Build | Blacksmith |
| 20:42 | Queue | Scout Cavalry |
| 20:46 | Queue | Villager (Male) |
| 20:52 | Build | Farm |
| 20:53 | Build | Farm |
| 20:54 | Build | Farm |
| 20:57 | Queue | Scout Cavalry |
| 21:07 | Build | Market |
| 21:17 | Queue | Villager (Male) |
| 21:20 | Build | Farm |
| 21:23 | Research | Scale Barding Armor |
| 21:23 | Research | Scale Barding Armor |
| 21:23 | Research | Scale Barding Armor |
| 21:30 | Queue | Scout Cavalry |
| 21:33 | Build | Stable |
| 21:36 | Queue | Villager (Male) |
| 21:47 | Queue | Villager (Male) |
| 21:55 | Build | Palisade Wall |
| 21:58 | Research | Bloodlines |
Match timeline
| 5:50 | imenek · wall_segment Palisade Wall x1 |
| 6:10 | NahuXeneize · wall_segment Palisade Wall x1 |
| 6:50 | NahuXeneize · wall_segment Palisade Wall x1 |
| 6:57 | NahuXeneize · wall_segment Palisade Wall x1 |
| 7:01 | imenek · wall_segment Palisade Wall x2 |
| 8:53 | imenek · wall_segment Palisade Wall x1 |
| 9:16 | imenek · wall_segment Palisade Wall x1 |
| 9:21 | imenek · wall_segment Palisade Wall x1 |
| 9:30 | imenek · wall_segment Palisade Wall x1 |
| 9:33 | imenek · wall_segment Palisade Wall x1 |
| 10:42 | Murtcu · wall_segment Palisade Wall x4 |
| 10:50 | UOMOdelFORMAGGIO · wall_segment Palisade Wall x8 |
| 11:07 | Kaanan · first_building Barracks |
| 11:53 | NahuXeneize · wall_segment Palisade Wall x1 |
| 12:20 | Melioth · first_building Barracks |
| 12:36 | Kaanan · age_up feudal |
| 12:39 | Kaanan · first_building Stable |
| 12:50 | Murtcu · age_up feudal |
| 13:00 | imenek · age_up feudal |
| 13:23 | Kaanan · wall_segment Palisade Wall x4 |
| 13:27 | NahuXeneize · wall_segment Palisade Wall x1 |
| 13:35 | UOMOdelFORMAGGIO · wall_segment Palisade Wall x14 |
| 13:38 | Feifred · age_up feudal |
| 13:52 | Melioth · age_up feudal |
| 13:55 | ZEAN430 · age_up feudal |
| 13:59 | Melioth · first_building Archery Range |
| 13:59 | UOMOdelFORMAGGIO · age_up feudal |
| 14:02 | Murtcu · first_market_sell 100 stone |
| 14:03 | Murtcu · first_market_buy 100 food |
| 14:30 | NahuXeneize · age_up feudal |
| 14:35 | Kaanan · wall_segment Palisade Wall x4 |
| 14:42 | NahuXeneize · first_building Barracks |
| 14:48 | UOMOdelFORMAGGIO · wall_segment Palisade Wall x1 |
| 14:49 | UOMOdelFORMAGGIO · wall_segment Palisade Wall x1 |
| 15:29 | Kaanan · wall_segment Palisade Wall x8 |
| 15:37 | NahuXeneize · first_building Archery Range |
| 15:45 | UOMOdelFORMAGGIO · wall_segment Palisade Wall x1 |
| 15:51 | UOMOdelFORMAGGIO · wall_segment Palisade Wall x7 |
| 15:57 | Murtcu · first_building Barracks |
| 16:20 | NahuXeneize · wall_segment Palisade Wall x1 |
| 16:21 | NahuXeneize · wall_segment Palisade Wall x1 |
| 16:23 | NahuXeneize · wall_segment Palisade Wall x1 |
| 16:24 | NahuXeneize · wall_segment Palisade Wall x1 |
| 16:24 | NahuXeneize · wall_segment Palisade Wall x1 |
| 16:25 | NahuXeneize · wall_segment Palisade Wall x1 |
| 16:31 | NahuXeneize · wall_segment Palisade Wall x1 |
| 16:41 | NahuXeneize · wall_segment Palisade Wall x2 |
| 16:42 | NahuXeneize · wall_segment Palisade Wall x1 |
| 16:45 | imenek · wall_segment Palisade Wall x1 |
| 16:46 | imenek · wall_segment Palisade Wall x1 |
| 16:49 | Kaanan · wall_segment Palisade Wall x11 |
| 17:03 | Murtcu · wall_segment Palisade Wall x9 |
| 17:38 | Feifred · age_up castle |
| 17:49 | Murtcu · wall_segment Palisade Wall x1 |
| 18:11 | Murtcu · wall_segment Palisade Wall x9 |
| 18:14 | Feifred · first_building Castle |
| 18:21 | ZEAN430 · age_up castle |
| 18:26 | Kaanan · wall_segment Palisade Wall x17 |
| 18:30 | Murtcu · age_up castle |
| 18:31 | NahuXeneize · wall_segment Palisade Wall x1 |
| 18:34 | Kaanan · wall_segment Palisade Wall x1 |
| 18:34 | Kaanan · wall_segment Palisade Wall x1 |
| 18:35 | Murtcu · first_building Stable |
| 18:51 | UOMOdelFORMAGGIO · age_up castle |
| 19:17 | NahuXeneize · first_market_buy 100 food |
| 19:22 | NahuXeneize · first_market_sell 100 wood |
| 19:44 | ZEAN430 · first_building Castle |
| 20:47 | UOMOdelFORMAGGIO · first_market_buy 100 food |
| 20:52 | ZEAN430 · first_market_buy 100 food |
| 21:07 | ZEAN430 · wall_segment Palisade Wall x1 |
| 21:27 | Melioth · wall_segment Palisade Wall x15 |
| 21:55 | Kaanan · wall_segment Palisade Wall x6 |
| 22:06 | ZEAN430 · first_building Barracks |
| 22:17 | NahuXeneize · age_up castle |
| 22:22 | imenek · first_building Barracks |
| 22:29 | Kaanan · wall_segment Palisade Wall x1 |
| 23:10 | ZEAN430 · first_building Monastery |
| 23:24 | imenek · first_building Stable |
| 23:29 | ZEAN430 · first_building Siege Workshop |
| 24:25 | ZEAN430 · first_market_sell 100 stone |
| 24:28 | imenek · age_up castle |
| 25:02 | Kaanan · wall_segment Palisade Wall x1 |
| 25:17 | imenek · first_building Castle |
| 25:31 | Melioth · wall_segment Palisade Wall x16 |
| 25:43 | Melioth · first_building Stable |
| 26:15 | UOMOdelFORMAGGIO · first_building Barracks |
| 26:32 | imenek · first_market_sell 100 food |
| 27:12 | UOMOdelFORMAGGIO · first_building Stable |
| 27:26 | Melioth · age_up castle |
| 27:51 | Murtcu · first_building Siege Workshop |
| 28:14 | Feifred · first_building Barracks |
| 28:18 | NahuXeneize · first_building Monastery |
| 28:51 | Melioth · wall_segment Palisade Wall x1 |
| 29:02 | Kaanan · age_up castle |
| 29:44 | imenek · first_market_buy 100 stone |
| 30:15 | UOMOdelFORMAGGIO · first_market_sell 100 wood |
| 30:21 | Melioth · wall_segment Palisade Wall x4 |
| 30:33 | Melioth · first_building Siege Workshop |
| 30:42 | Melioth · wall_segment Palisade Wall x1 |
| 30:55 | UOMOdelFORMAGGIO · first_building Siege Workshop |
| 33:02 | Feifred · first_building Stable |
| 33:21 | imenek · first_building Archery Range |
| 33:58 | Kaanan · first_building Siege Workshop |
| 34:11 | Kaanan · first_building Castle |
| 34:18 | NahuXeneize · age_up imperial |
| 34:25 | UOMOdelFORMAGGIO · age_up imperial |
| 35:19 | imenek · tribute_sent a jugador 1 |
| 35:19 | imenek · tribute_sent a jugador 2 |
| 35:19 | imenek · tribute_sent a jugador 3 |
| 35:19 | imenek · tribute_sent a jugador 5 |
| 35:19 | imenek · tribute_sent a jugador 6 |
| 35:19 | imenek · tribute_sent a jugador 7 |
| 35:19 | imenek · tribute_sent a jugador 8 |
| 35:30 | Murtcu · wall_segment Stone Wall x7 |
| 35:30 | UOMOdelFORMAGGIO · first_building Castle |
| 35:42 | imenek · first_building Siege Workshop |
| 35:59 | NahuXeneize · first_building Castle |
| 36:55 | imenek · age_up imperial |
| 36:59 | UOMOdelFORMAGGIO · wall_segment Palisade Wall x6 |
| 37:58 | Murtcu · first_building Castle |
| 38:44 | imenek · tribute_sent a jugador 1 |
| 38:44 | imenek · tribute_sent a jugador 2 |
| 38:44 | imenek · tribute_sent a jugador 3 |
| 38:44 | imenek · tribute_sent a jugador 5 |
| 38:44 | imenek · tribute_sent a jugador 6 |
| 38:44 | imenek · tribute_sent a jugador 7 |
| 38:44 | imenek · tribute_sent a jugador 8 |
| 39:49 | Kaanan · first_market_sell 100 food |
| 39:51 | Feifred · first_building Archery Range |
| 40:40 | imenek · tribute_sent a jugador 1 |
| 40:40 | imenek · tribute_sent a jugador 2 |
| 40:40 | imenek · tribute_sent a jugador 3 |
| 40:40 | imenek · tribute_sent a jugador 5 |
| 40:40 | imenek · tribute_sent a jugador 6 |
| 40:40 | imenek · tribute_sent a jugador 7 |
| 40:40 | imenek · tribute_sent a jugador 8 |
| 41:49 | imenek · tribute_sent a jugador 1 |
| 41:49 | imenek · tribute_sent a jugador 2 |
| 41:49 | imenek · tribute_sent a jugador 3 |
| 41:49 | imenek · tribute_sent a jugador 5 |
| 41:49 | imenek · tribute_sent a jugador 6 |
| 41:49 | imenek · tribute_sent a jugador 7 |
| 41:49 | imenek · tribute_sent a jugador 8 |
| 41:59 | Feifred · age_up imperial |
| 42:13 | Feifred · first_market_sell 100 food |
| 43:13 | ZEAN430 · wall_segment Stone Wall x10 |
| 43:24 | ZEAN430 · wall_segment Stone Wall x4 |
| 43:26 | ZEAN430 · wall_segment Stone Wall x15 |
| 44:14 | Murtcu · age_up imperial |
| 46:36 | Melioth · age_up imperial |
| 46:44 | ZEAN430 · wall_segment Stone Wall x8 |
| 47:00 | ZEAN430 · wall_segment Stone Wall x5 |
| 47:24 | ZEAN430 · first_building Stable |
| 47:41 | ZEAN430 · wall_segment Stone Wall x3 |
| 48:02 | Melioth · first_market_buy 100 food |
| 48:10 | Murtcu · first_building Archery Range |
| 50:20 | Feifred · first_market_buy 100 stone |
| 50:23 | imenek · tribute_sent a jugador 1 |
| 50:23 | imenek · tribute_sent a jugador 2 |
| 50:23 | imenek · tribute_sent a jugador 3 |
| 50:23 | imenek · tribute_sent a jugador 5 |
| 50:23 | imenek · tribute_sent a jugador 6 |
| 50:23 | imenek · tribute_sent a jugador 7 |
| 50:23 | imenek · tribute_sent a jugador 8 |
| 52:38 | ZEAN430 · wall_segment Stone Wall x4 |
| 52:39 | ZEAN430 · wall_segment Stone Wall x1 |
| 53:23 | imenek · tribute_sent a jugador 1 |
| 53:23 | imenek · tribute_sent a jugador 2 |
| 53:23 | imenek · tribute_sent a jugador 3 |
| 53:23 | imenek · tribute_sent a jugador 5 |
| 53:23 | imenek · tribute_sent a jugador 6 |
| 53:23 | imenek · tribute_sent a jugador 7 |
| 53:23 | imenek · tribute_sent a jugador 8 |
| 54:14 | Kaanan · age_up imperial |
| 56:21 | imenek · tribute_sent a jugador 1 |
| 56:21 | imenek · tribute_sent a jugador 2 |
| 56:21 | imenek · tribute_sent a jugador 3 |
| 56:21 | imenek · tribute_sent a jugador 5 |
| 56:21 | imenek · tribute_sent a jugador 6 |
| 56:21 | imenek · tribute_sent a jugador 7 |
| 56:21 | imenek · tribute_sent a jugador 8 |
| 59:56 | imenek · tribute_sent a jugador 1 |
| 59:56 | imenek · tribute_sent a jugador 2 |
| 59:56 | imenek · tribute_sent a jugador 3 |
| 59:56 | imenek · tribute_sent a jugador 5 |
| 59:56 | imenek · tribute_sent a jugador 6 |
| 59:56 | imenek · tribute_sent a jugador 7 |
| 59:56 | imenek · tribute_sent a jugador 8 |
| 60:38 | imenek · tribute_sent a jugador 1 |
| 60:38 | imenek · tribute_sent a jugador 2 |
| 60:38 | imenek · tribute_sent a jugador 3 |
| 60:38 | imenek · tribute_sent a jugador 5 |
| 60:38 | imenek · tribute_sent a jugador 6 |
| 60:38 | imenek · tribute_sent a jugador 7 |
| 60:38 | imenek · tribute_sent a jugador 8 |
| 60:42 | NahuXeneize · tribute_sent a jugador 1 |
| 60:42 | NahuXeneize · tribute_sent a jugador 2 |
| 60:42 | NahuXeneize · tribute_sent a jugador 3 |
| 60:42 | NahuXeneize · tribute_sent a jugador 4 |
| 60:42 | NahuXeneize · tribute_sent a jugador 5 |
| 60:42 | NahuXeneize · tribute_sent a jugador 7 |
| 60:42 | NahuXeneize · tribute_sent a jugador 8 |
| 61:31 | Melioth · first_building Castle |
| 61:55 | ZEAN430 · age_up imperial |
| 64:59 | imenek · tribute_sent a jugador 1 |
| 64:59 | imenek · tribute_sent a jugador 2 |
| 64:59 | imenek · tribute_sent a jugador 3 |
| 64:59 | imenek · tribute_sent a jugador 5 |
| 64:59 | imenek · tribute_sent a jugador 6 |
| 64:59 | imenek · tribute_sent a jugador 7 |
| 64:59 | imenek · tribute_sent a jugador 8 |
| 66:02 | Feifred · first_building Siege Workshop |
| 66:17 | NahuXeneize · first_building Siege Workshop |
| 66:27 | NahuXeneize · tribute_sent a jugador 1 |
| 66:27 | NahuXeneize · tribute_sent a jugador 2 |
| 66:27 | NahuXeneize · tribute_sent a jugador 3 |
| 66:27 | NahuXeneize · tribute_sent a jugador 4 |
| 66:27 | NahuXeneize · tribute_sent a jugador 5 |
| 66:27 | NahuXeneize · tribute_sent a jugador 7 |
| 66:27 | NahuXeneize · tribute_sent a jugador 8 |
| 66:52 | ZEAN430 · wall_segment Stone Wall x5 |
| 66:53 | ZEAN430 · wall_segment Stone Wall x4 |
| 68:15 | Melioth · first_market_sell 100 wood |
| 70:10 | imenek · tribute_sent a jugador 1 |
| 70:10 | imenek · tribute_sent a jugador 2 |
| 70:10 | imenek · tribute_sent a jugador 3 |
| 70:10 | imenek · tribute_sent a jugador 5 |
| 70:10 | imenek · tribute_sent a jugador 6 |
| 70:10 | imenek · tribute_sent a jugador 7 |
| 70:10 | imenek · tribute_sent a jugador 8 |
| 70:30 | NahuXeneize · wall_segment Stone Wall x1 |
| 70:34 | NahuXeneize · wall_segment Stone Wall x1 |
| 71:01 | ZEAN430 · first_building Archery Range |
| 71:18 | Kaanan · resign |
| 78:13 | NahuXeneize · wall_segment Stone Wall x13 |
[ AI ANALYSIS · 1 CREDIT ]
What really happened in this match?
Wolo.gg analyzes every decision: build order, eco, micro, common mistakes by bracket. Personalized analysis on WhatsApp or Discord in 30 seconds.
Civ guide
Gurjaras
Perfil
Jugador #2371473